 Dungeon Crawl Stone Soup version 0.31-a0-182-gc5ef74bbde (webtiles) character file.

Game seed: 155878366646484991

367 qw the Chopper (level 6, -10/37 HPs)
             Began as a Gargoyle Fighter on June 20, 2023.
             Mangled by an ogre
             ... wielding a +0 giant club
              (13 damage)
             ... on level 4 of the Dungeon.
             The game lasted 00:01:11 (3456 turns).

qw the Chopper (Gargoyle Fighter)                   Turns: 3456, Time: 00:01:12

Health: -10/37     AC: 12    Str: 28    XL:     6   Next: 69%
Magic:  6/6        EV: 10    Int:  8    God:
Gold:   189        SH:  4    Dex:  9    Spells: 5/5 levels left

rFire   . . .        Y - +0 war axe
rCold   . . .        c - +0 buckler
rNeg    + . .        b - +0 scale mail
rPois   inf          m - +0 helmet
rElec   +            (no cloak)
rCorr   .            (no gloves)
SInv    .            (no boots)
Will    .....        (no amulet) Stlth
                     l - +6 ring of strength
HPRegen 0.26/turn    o - +4 ring of protection
MPRegen 0.10/turn

%: no passive effects
@: corroded
A: sickness immunity, AC +4, negative energy resistance 1, electricity
resistance, torment resistance 1, petrification resistance
a: no special abilities


You were on level 4 of the Dungeon.
You visited 1 branch of the dungeon, and saw 4 of its levels.

You collected 189 gold pieces.


Innate Abilities, Weirdness & Mutations

You are immune to sickness and miasma.
Your stone body is resilient. (AC +4)
You are immune to poison.
You resist negative energy. (rN+)
You are resistant to electric shocks. (rElec)
You are resistant to unholy torment.
You are immune to petrification.


   Skills:
 + Level 3.2 Fighting
 - Level 5.9 Axes
 - Level 3.2 Armour
 - Level 1.5 Dodging
 - Level 3.2 Shields


You had 5 spell levels left.
You didn't know any spells.
Your spell library was empty.

Inventory:

Hand Weapons
 p - a +1 whip of freezing
 Y - a +0 war axe (weapon)
Missiles
 e - 5 boomerangs (quivered)
Armour
 b - a +0 scale mail (worn)
 c - a +0 buckler (worn)
 m - a +0 helmet (worn)
Jewellery
 l - a +6 ring of strength (left hand)
 o - a +4 ring of protection (right hand)
Scrolls
 h - 2 scrolls of teleportation {unknown}
Potions
 a - a potion of magic {unknown}
 d - 2 potions of might
 f - a potion of lignification {unknown}
 g - a potion of mutation {unknown}
 i - a potion of degeneration {unknown}
 j - a potion of heal wounds {unknown}
 k - 2 potions of brilliance {unknown}
 n - a potion of ambrosia {unknown}

Dungeon Overview and Level Annotations

Branches:
Dungeon (4/15)
 Temple: D:4-7

Altars:
Hepliaklqana
Nemelex Xobeh
Trog

Shops:
D:1 [

Annotations:
D:4 Eustachio


Message History

You hit the jelly.
Your hands burn!
You closely miss the white imp. Eustachio misses you.
You block the white imp's attack. Eustachio hits you but does no damage.
You closely miss Eustachio.
Eustachio is lightly wounded.
You slash the ogre! You closely miss the white imp.
The white imp gestures at you. The puff of frost hits you!
Eustachio barely misses you. The ogre closely misses you.
You slash the ogre!
The ogre is severely wounded.
You hit Eustachio but do no damage. You hit the white imp but do no damage.
The white imp barely misses you. Eustachio hits you with a +0 falchion.
The ogre hits you with a +0 giant club.
You barely miss the ogre.
The ogre is severely wounded.
You hit Eustachio but do no damage. You hit the white imp but do no damage.
The white imp barely misses you. Eustachio barely misses you.
You slash the ogre!
The ogre is almost dead.
You closely miss Eustachio. You hit the white imp.
The white imp shouts, "Out, out, thou worthless idle-headed barnacle!"
The white imp hits you but does no damage.
Eustachio gestures wildly while chanting.
Eustachio blinks!
The ogre closely misses you.
The white imp hits you but does no damage.
You completely miss the ogre.
The ogre is almost dead.
You hit the jelly but do no damage.
Your hands burn!
You completely miss the white imp.
Eustachio mumbles some strange words.
Eustachio blinks!
You block the jelly's attack. The ogre closely misses you.
The white imp hits you. The white imp freezes you.
You block the jelly's attack.
You hit the ogre but do no damage.
The ogre is almost dead.
You slash the jelly!
Your hands burn!
You closely miss the white imp. The white imp gestures at you.
The puff of frost hits you but does no damage.
The ogre hits you with a +0 giant club!
You die...

#.####.#...... #. #.#
##.####### #. #.# #..#
#####.# #.# #..# ......##
#.###..#
##.....###......## #
.#....@..######.#.## ##
......O....####....####.
..ยค...J@.#.%......>...+.
......5.##.####....####.
##.#...###.# #....## ##
#### #.# #...## # #.#
#...# #.# ###.# #.# #.#
..# #.# #.# ##


You could see Eustachio, an ogre, a jelly and a white imp (summoned).

Vanquished Creatures
  Grinder (D:4)
  A phantom (D:4)
  A hound (D:3)
  3 adders (D:2)
  2 dart slugs (D:2)
  An orc (D:2)
  6 ball pythons
  3 bats
  7 endoplasms
  2 giant cockroaches (D:3)
  3 goblins
  3 hobgoblins
  12 frilled lizards
  6 kobolds
  4 rats
55 creatures vanquished.

Notes
Turn   | Place    | Note
-------+----------+-------------------------------------------
     0 | D:1      | qw the Gargoyle Fighter began the quest for the Orb.
     0 | D:1      | Reached XP level 1. HP: 14/14 MP: 1/1
     0 | D:1      | 0 ||| qw: Version: 0.3-a-9-g12657ce
     0 | D:1      | 0 ||| qw: Game counter: 1501
     0 | D:1      | 0 ||| qw: Always use a shield: true
     0 | D:1      | 0 ||| qw: God list: Okawaru
     0 | D:1      | 0 ||| qw: Allow faded altars: false
     0 | D:1      | 0 ||| qw: Do Orc after D:15 true
     0 | D:1      | 0 ||| qw: Do second Lair branch before Depths: true
     0 | D:1      | 0 ||| qw: Lair rune preference: random
     0 | D:1      | 0 ||| qw: Plans: Normal, Zot:1-4, Slime:5, God:TSO, Crypt,
                  | Tomb, Abyss, Pan, Hells, Win
     0 | D:1      | 0 ||| PLANNING D:1-11
    76 | D:1      | Reached skill level 2 in Axes
   254 | D:1      | Found Vuetet's Antique Armour Shop.
   261 | D:1      | 261 ||| SHOPLISTING glowing leather armour (115 gold, have
                  | 39).
   261 | D:1      | 261 ||| SHOPLISTING helmet (103 gold, have 39).
   261 | D:1      | 261 ||| SHOPLISTING runed leather armour (115 gold, have
                  | 39).
   261 | D:1      | 261 ||| SHOPLISTING shiny plate armour (598 gold, have 39).
   363 | D:1      | Reached XP level 2. HP: 19/19 MP: 2/2
   373 | D:1      | 373 ||| Stepping ~*~*~tactically~*~*~ (hiding).
   374 | D:1      | 374 ||| Stepping ~*~*~tactically~*~*~ (hiding).
   375 | D:1      | 375 ||| Stepping ~*~*~tactically~*~*~ (hiding).
   376 | D:1      | 376 ||| Stepping ~*~*~tactically~*~*~ (hiding).
   663 | D:1      | 663 ||| Stepping ~*~*~tactically~*~*~ (stealth).
   968 | D:1      | 968 ||| Stepping ~*~*~tactically~*~*~ (stealth).
  1003 | D:1      | 1003 ||| READING scroll labelled NEJUAH MOER.
  1004 | D:1      | 1004 ||| READING 2 scrolls labelled YSIF CUC QIU.
  1005 | D:1      | 1005 ||| DROPPING scroll of immolation.
  1089 | D:2      | Reached skill level 3 in Axes
  1121 | D:2      | Reached XP level 3. HP: 21/23 MP: 3/3
  1155 | D:2      | 1155 ||| Stepping ~*~*~tactically~*~*~ (hiding).
  1285 | D:2      | 1285 ||| Stepping ~*~*~tactically~*~*~ (hiding).
  1508 | D:2      | 1508 ||| Stepping ~*~*~tactically~*~*~ (hiding).
  1569 | D:2      | 1569 ||| Stepping ~*~*~tactically~*~*~ (stealth).
  1603 | D:2      | 1603 ||| Stepping ~*~*~tactically~*~*~ (stealth).
  1605 | D:2      | 1605 ||| Stepping ~*~*~tactically~*~*~ (hiding).
  1713 | D:2      | Found a faded altar of an unknown god.
  1736 | D:2      | Reached XP level 4. HP: 28/28 MP: 4/4
  2082 | D:2      | Reached skill level 4 in Axes
  2124 | D:2      | 2124 ||| READING scroll labelled MOABLI JORPHEOF.
  2155 | D:2      | 2155 ||| Stepping ~*~*~tactically~*~*~ (stealth).
  2167 | D:3      | 2167 ||| PLANNING SEWER
  2233 | D:3      | Found a hazy altar of Hepliaklqana.
  2264 | D:3      | Found a sparkling altar of Nemelex Xobeh.
  2753 | D:3      | Found a glowing drain.
  2827 | D:3      | Found a bloodstained altar of Trog.
  2951 | D:3      | 2951 ||| RIP SEWER
  3035 | D:3      | 3035 ||| PLANNING D:1-11
  3035 | D:3      | 3035 ||| UPGRADING to +0 helmet.
  3040 | D:3      | 3040 ||| DROPPING orb of energy.
  3041 | D:3      | 3041 ||| UPGRADING to +6 ring of strength.
  3042 | D:3      | 3042 ||| UPGRADING to +4 ring of protection.
  3043 | D:3      | 3043 ||| READING scroll labelled JIETAI URIUMNO.
  3115 | D:4      | Noticed Grinder
  3121 | D:4      | Paralysed by Grinder for 5 turns
  3132 | D:4      | Paralysed by Grinder for 4 turns
  3138 | D:4      | Paralysed by Grinder for 2 turns
  3142 | D:4      | Killed Grinder
  3143 | D:4      | Reached skill level 5 in Axes
  3143 | D:4      | Reached XP level 5. HP: 18/32 MP: 5/5
  3143 | D:4      | Reached XP level 6. HP: 21/37 MP: 6/6
  3255 | D:4      | 3255 ||| DROPPING +0 club.
  3382 | D:4      | Reached skill level 1 in Dodging
  3439 | D:4      | Noticed Eustachio
  3455 | D:4      | HP: 9/37 [acid (3)]
  3456 | D:4      | HP: 3/37 [acid (3)]
  3456 | D:4      | Mangled by an ogre

Levels and vault maps discovered:
D:1:      co_arrival_random_square_maze, layout_loops_ring, serial_shops, shop,
          minmay_lizard_pond
D:2:      layout_loops_ring, basic_ecumenical_altar, st_stairs_7,
          supply_closet_lemuel
D:3:      layout_basic, mainiacjoe_overflow_alcove_2,
          mainiacjoe_overflow_catch_the_wave, portal_sewer_entry_c,
          minivault_14, hangedman_decor_riveting, roderic_lattice_a,
          corner_web_ring
D:4:      minmay_recursive_quarters, layout_loops_corners,
          gammafunk_ghost_necromancy, uniq_eustachio, uniq_grinder

Skill      XL: |  1  2  3  4  5  6 |
---------------+-------------------+-----
Axes           | 2 3 5 |  5.9
Dodging        | 1 |  1.5
Fighting       | |  3.2
Armour         | |  3.2
Shields        | |  3.2

Action                     |  1- 3 |  4- 6 || total
---------------------------+-------+-------++-------
  Melee: War axe           |   115 |    50 ||   165
  Throw: Boomerang         |     2 |    38 ||    40
    Use: Scroll            |     2 |     2 ||     4
 Armour: Scale mail        |    67 |    35 ||   102
  Dodge: Dodged            |    45 |    26 ||    71
  Block: Buckler           |    15 |     9 ||    24

Table legend:
 A = Non-vault XP
 B = Vault XP
 C = Vault XP percentage of total XP
 D = Non-vault monster count
 E = Vault monster count
 F = Vault count percentage of total count
                 A         B        C        D         E       F
            +---------+---------+-------+---------+---------+-------
      Total |     250 |     275 |  52.4 |      47 |       8 |  14.5
            +---------+---------+-------+---------+---------+-------
        D:1 |      18 |       6 |  25.0 |      12 |       6 |  33.3
        D:2 |      75 |       2 |   2.6 |      22 |       1 |   4.3
        D:3 |      48 |       0 |   0.0 |       7 |       0 |   0.0
        D:4 |     109 |     267 |  71.0 |       6 |       1 |  14.3
            +---------+---------+-------+---------+---------+-------
